 Dungeon Crawl Stone Soup version 0.19-a0-1717-gc7c1317 (webtiles) character file.

87 Grim the Conjurer (level 4, -8/24 HPs)
             Began as a Tengu Conjurer on Sept 28, 2016.
             Mangled by ZlagarX's ghost (11 damage)
             ... on level 3 of the Dungeon on Sept 29, 2016.
             The game lasted 00:06:48 (2535 turns).

Grim the Conjurer (Tengu Conjurer)                  Turns: 2535, Time: 00:06:50

Health: -8/24      AC:  4    Str:  8    XL:     4   Next: 51%
Magic:  1/8        EV: 12    Int: 17    God:
Gold:   61         SH:  0    Dex: 14    Spells: 3 memorised, 0 levels left

rFire  . . .     SeeInvis .     o - +0 whip
rCold  . . .     Gourm    .     a - +0 robe
rNeg   . . .     Faith    .     (no shield)
rPois  .         Spirit   .     (helmet restricted)
rElec  .         Dismiss  .     (no cloak)
rCorr  .         Reflect  .     f - +0 pair of gloves
MR     .....     Harm     .     (boots unavailable)
Stlth  ++........               (no amulet)
                                (no ring)
                                (no ring)

@: no status effects
A: beak, talons 3
a: no special abilities


You were on level 3 of the Dungeon.
You were not hungry.

You visited 1 branch of the dungeon, and saw 3 of its levels.

You collected 61 gold pieces.

Inventory:

Hand Weapons
 o - a +0 whip (weapon)
Armour
 a - a +0 robe (worn)
 f - a +0 pair of gloves (worn)
Scrolls
 g - a scroll of identify {unknown}
Potions
 d - 2 potions of cancellation {unknown}
 e - a potion of might {unknown}
 i - a potion of curing {unknown}
 j - a potion of heal wounds {unknown}
 k - a potion of invisibility {unknown}
 m - a potion of brilliance {unknown}
 n - a potion of resistance {unknown}
Books
 b - a book of Conjurations

   Spells                             Type                      Level
   a - Magic Dart                     Conjuration                  1
   b - Searing Ray                    Conjuration                  2
   c - Dazzling Spray                 Conjuration/Hexes            3
   d - Fulminant Prism                Conjuration/Hexes            4
   e - Iskenderun's Mystic Blast      Conjuration                  4
   f - Iskenderun's Battlesphere      Conjuration/Charms           5
Comestibles
 c - a bread ration
 l - a meat ration


   Skills:
 * Level 0.4 Maces & Flails
 - Level 2.1 Dodging
 - Level 2.0 Stealth
 - Level 2.0 Spellcasting
 + Level 7.6 Conjurations


You couldn't memorise any spells.
You knew the following spells:

 Your Spells              Type           Power        Failure   Level  Hunger
a - Magic Dart            Conj           ####         1%          1    #......
b - Searing Ray           Conj           ####..       1%          2    ###....
c - Iskenderun's Mystic   Conj           ####....     10%         4    #####..


Dungeon Overview and Level Annotations

Branches:
Dungeon (3/15)

Altars:
Gozag
Sif Muna

Shops:
D:2 *

Annotations:
D:3 ZlagarX's ghost, amateur HuGl


Innate Abilities, Weirdness & Mutations

You have a beak for a mouth.
You have claws for feet.


Message History

There is a stone staircase leading up, spattered with blood here.
You hit ZlagarX's ghost.
ZlagarX's ghost is moderately damaged.
ZlagarX's ghost hits you.
* * * LOW HITPOINT WARNING * * *
You barely miss ZlagarX's ghost.
You claw ZlagarX's ghost, but do no damage.
ZlagarX's ghost is moderately damaged.
ZlagarX's ghost hits you but does no damage.
You hit ZlagarX's ghost but do no damage.
You peck ZlagarX's ghost, but do no damage.
ZlagarX's ghost is lightly damaged.
ZlagarX's ghost hits you but does no damage.
You closely miss ZlagarX's ghost.
You claw ZlagarX's ghost, but do no damage.
ZlagarX's ghost is lightly damaged.
ZlagarX's ghost hits you!
* * * LOW HITPOINT WARNING * * *
ZlagarX's ghost hits you!
You die...

#.....)..
# #.#.....
.# ......#
(.#
#.#..#g..+
#....'...#
#.#.##†..#
#...# ..#
#W### .#
#@# .g ###
.. .


You could see ZlagarX's ghost.

Vanquished Creatures
  An adder (D:2)
  4 gnolls (D:2)
  2 leopard geckos
  7 bats
  A giant cockroach (D:2)
  4 hobgoblins (D:1)
  5 jackals (D:1)
  3 frilled lizards
  3 goblins (D:1)
  5 kobolds (D:1)
  4 rats
39 creatures vanquished.

Notes
Turn   | Place    | Note
-------+----------+-------------------------------------------
     0 | D:1      | Grim the Tengu Conjurer began the quest for the Orb.
     0 | D:1      | Reached XP level 1. HP: 10/10 MP: 4/4
   246 | D:1      | Reached XP level 2. HP: 12/15 MP: 0/6
   328 | D:1      | Reached skill level 6 in Conjurations
   690 | D:1      | Reached XP level 3. HP: 19/19 MP: 4/7
  1175 | D:2      | Found an opulent altar of Gozag.
  1178 | D:2      | Found Gozag's Platinum Reserve.
  1247 | D:2      | Found a deep blue altar of Sif Muna.
  1327 | D:2      | Reached skill level 7 in Conjurations
  1685 | D:2      | Learned a level 2 spell: Searing Ray
  1693 | D:2      | Reached XP level 4. HP: 22/24 MP: 3/8
  2305 | D:3      | Noticed a phantom
  2313 | D:2      | Learned a level 4 spell: Iskenderun's Mystic Blast
  2521 | D:3      | Noticed ZlagarX's ghost (amateur HuGl)
  2535 | D:3      | Mangled by ZlagarX's ghost

Vault maps used:
D:1:      dpeg_arrival_snail
D:2:      overflow_temple_1_default, nicolae_gozag_zags_fifth_avenue
D:3:      nicolae_overflow_hidden_temple, first_bread

Skill      XL: |  1  2  3 |
---------------+----------+-----
Conjurations   | 6 7 |  7.6
Maces & Flails | |  0.4
Dodging        | |  2.1
Stealth        | |  2.0
Spellcasting   | |  2.0

Action                   |  1- 3 |  4- 6 || total
-------------------------+-------+-------++-------
Melee: Unarmed           |    28 |       ||    28
       Kick              |    10 |     2 ||    12
       Peck              |     2 |     1 ||     3
       Whip              |       |     7 ||     7
 Cast: Magic Dart        |    61 |     6 ||    67
       Searing Ray       |     1 |     1 ||     2
       Iskenderun's Myst |       |     5 ||     5
  Use: Scroll            |       |     3 ||     3
  Eat: Chunk             |     3 |     2 ||     5
       Bread ration      |       |     1 ||     1
Armor: Robe              |     8 |     3 ||    11
Dodge: Dodged            |    23 |     4 ||    27
